Map: Ascension to Aiur LE

Players

UniformFlow

  • Race: Terran Terran
  • League: Silver
  • Spawn Location: 5:00

Cuervo - Winner!

  • Race: Zerg Zerg
  • Spawn Location: 11:00

VOD

Have the link to the VOD?

Description

Time

  • Played on: Sept. 21, 2017, 8:11 a.m.
  • Length: 8:26
Show
View Real Time Build Order
Export as new Build Order

UniformFlow Terran 

Build Orders:  

Get SALT Encoding   

  12  0:01  SCV  
  13  0:16  Supply Depot  
  13  0:22  Refinery  
  13  0:25  SCV  
  14  0:44  Barracks  
  14  0:51  SCV, Refinery  
  15  1:09  Supply Depot, SCV  
  16  1:21  SCV  
  17  1:31  Marine  
  18  1:44  Factory  
  18  1:59  Marine  
  20  2:03  Orbital Command  
  19  2:32  Factory Reactor  
  19  2:42  Barracks Tech Lab  
  19  2:46  Starport  
  19  3:01  SCV  
  20  3:10  Widow Mine  
  20  3:11  Widow Mine  
  24  3:20  Stimpack  
  24  3:23  Medivac  
  24  3:27  SCV  
  27  3:35  Engineering Bay  
  27  3:45  Marauder  
  27  3:47  SCV  
  29  4:06  Hellion  
  31  4:13  Supply Depot  
  31  4:28  Supply Depot  
  31  4:29  Terran Infantry Weapons Level 1  
  31  4:31  Armory  
  31  4:35  Marauder, Hellion x2  
  37  4:56  Hellion  
  37  5:07  Hellion  
  39  5:18  Hellion  
  41  5:27  Command Center  
  43  5:35  Hellion  
  43  5:39  Terran Vehicle And Ship Armor Level 1, Hellion  
  43  5:41  SCV  
  46  5:53  Barracks Tech Lab  
  46  5:55  Barracks Reactor  
  46  6:03  Supply Depot  
  46  6:08  Supply Depot  
  46  6:09  Hellion  
  46  6:21  Cloaking Field  
  48  6:25  Hellion  
  48  6:28  Supply Depot  
  48  6:31  Hellion  
  44  6:37  Banshee  
  43  6:40  Marine x2  
  39  6:58  Marine x2  
  41  7:08  Missile Turret x2  
  41  7:16  Marine x2  
  41  7:20  Banshee  
  35  7:33  Marine  
  33  7:50  Marine  
Show
View Real Time Build Order
Export as new Build Order

Cuervo Zerg - Winner!

Build Orders: Pool First 

Get SALT Encoding   

  12  0:01  Drone  
  13  0:12  Overlord  
  13  0:17  Drone  
  14  0:31  Drone x2  
  16  0:40  Drone  
  17  0:46  Spawning Pool  
  17  0:50  Drone  
  17  1:11  Hatchery  
  17  1:16  Drone, Extractor  
  16  1:20  Drone  
  16  1:23  Drone  
  18  1:31  Drone  
  19  1:37  Queen  
  21  1:45  Overlord  
  21  1:52  Zergling x2  
  22  2:06  Drone  
  23  2:12  Zergling x2  
  23  2:13  Queen  
  26  2:23  Zergling x2  
  27  2:34  Drone x2  
  27  2:37  Queen, Overlord  
  31  2:44  Drone  
  32  2:52  Roach Warren  
  32  2:53  Overlord  
  31  3:02  Zergling x6  
  34  3:08  Drone x2  
  36  3:20  Drone  
  36  3:21  Drone x4  
  36  3:25  Metabolic Boost  
  41  3:45  Drone x2  
  43  3:52  Hatchery  
  42  4:05  Drone x2  
  42  4:07  Overlord  
  42  4:08  Overlord x3  
  44  4:26  Spine Crawler  
  44  4:28  Queen  
  44  4:30  Zergling x2  
  49  4:31  Zergling x12  
  51  4:49  Spine Crawler  
  50  5:02  Spine Crawler  
  47  5:12  Roach x4  
  47  5:13  Roach x2  
  59  5:25  Roach x2  
  59  5:26  Roach x2  
  61  5:43  Spore Crawler  
  60  5:51  Baneling Nest  
  60  5:53  Drone x6  
  60  5:55  Drone  
  65  6:10  Drone x5  
  70  6:33  Drone x4  
  70  6:34  Drone  
  70  6:39  Drone  
  79  6:40  Drone x5  
  81  6:51  Lair  
  81  7:04  Drone  
  81  7:07  Overlord  
  81  7:08  Overlord x7  
  73  7:41  Zergling x2  
  73  7:42  Zergling x22  
  76  7:59  Zergling x2  
  76  8:00  Zergling x12  
Tags
 
Add a new tag
Caveats
  • Supply blocks, unpowered buildings, or Contaminate may cause inaccurate times.
  • Supply counts are checked every 10 seconds.